 Dungeon Crawl Stone Soup version 0.25-a0-657-ge95d391c20 (webtiles) character file.

Game seed: 11658065076956853564, levelgen mode: deterministic

35 MisterFreud the Skirmisher (level 3, 0/17 HPs)
             Began as a Felid Transmuter on Mar 22, 2020.
             Hit by a stone thrown by a gnoll (6 damage)
             ... on level 1 of the Dungeon.
             The game lasted 00:01:33 (618 turns).

MisterFreud the Skirmisher (Felid Transmuter)        Turns: 618, Time: 00:01:34

Health: 0/17       AC:  1    Str:  6    XL:     3   Next: 16%
Magic:  3/7        EV: 18    Int: 14    God:
Gold:   0          SH:  0    Dex: 17    Spells: 3/6 levels left
                                        Lives:  0   Deaths: 0

rFire    . . .     SeeInvis +     - Unarmed
rCold    . . .     Gourm    .   (shield unavailable)
rNeg     . . .     Faith    .   (armour unavailable)
rPois    .         Spirit   .   (helmet unavailable)
rElec    .         Reflect  .   (cloak unavailable)
rCorr    .         Harm     .   (gloves unavailable)
MR       .....                  (boots unavailable)
Stlth    ++........             (no amulet)
HPRegen  0.05/turn              (no ring)
MPRegen  0.10/turn              (no ring)

@: very slightly contaminated, quick
A: very small, no armour, no weapons or thrown items, stealth, claws 1, fangs 3,
see invisible, carnivore, speed 1, shaggy fur 1, slow metabolism 1, sharp paws
a: no special abilities


You were on level 1 of the Dungeon.
You were completely stuffed.

You visited 1 branch of the dungeon, and saw 1 of its levels.

Inventory:

Missiles
 a - 33 arrows
Scrolls
 d - a scroll of identify {unknown}
 e - a scroll of enchant armour {unknown}
Potions
 b - a potion of cancellation {unknown}
 f - a potion of resistance {unknown}
Comestibles
 c - 2 rations


   Skills:
 * Level 3.1 Fighting
 - Level 2.6 Dodging
 - Level 3.0 Unarmed Combat
 - Level 2.0 Spellcasting
 - Level 2.1 Transmutations


You had 3 spell levels left.
You knew the following spells:

 Your Spells              Type           Power        Failure   Level  Hunger
a - Beastly Appendage     Tmut           #.....       10%         1    ##.....
b - Sticks to Snakes      Tmut           #.......     14%         2    ###....

Your spell library contained the following spells:

 Spells                   Type           Power        Failure   Level  Hunger
 Spider Form              Tmut/Pois      #.........   41%         3    ####...
 Ice Form                 Ice/Tmut       #.......     83%         4    #####..
 Blade Hands              Tmut           #.........   95%         5    ######.


Dungeon Overview and Level Annotations

Branches:
Dungeon (1/15)

Altars:


Innate Abilities, Weirdness & Mutations

You cannot wear armour.
You are incapable of wielding weapons or throwing items.
Your paws allow you to move quietly. (Stealth)
You have sharp claws.
You have razor-sharp teeth.
You have supernaturally acute eyesight. (SInv)
You are carnivorous and can eat meat at any time.
You cover ground quickly.
You are covered in fur. (AC +1)
You have a slow metabolism.
Your sharp claws are effective at attacking unaware monsters.


Message History

The gnoll throws a stone.
The stone hits you!
* * * LOW HITPOINT WARNING * * *
You see here a stone.
The gnoll throws a stone.
The stone misses your ball python. The stone barely misses you.
You see here 2 stones.
You see here a +0 spear.
You see here a goblin corpse.
You start resting.
The gnoll is too close now for your liking.
Casting: Beastly Appendage (safe; 10% risk of failure)
Confirm with . or Enter, or press ? or * to list all spells.
You miscast Beastly Appendage.
Nothing appears to happen.
The gnoll throws a stone.
The stone hits your ball python.
Your ball python dies!
Casting: Beastly Appendage (safe; 10% risk of failure)
Confirm with . or Enter, or press ? or * to list all spells.
You miscast Sticks to Snakes.
You smell something strange.
The gnoll throws a stone.
The stone hits you.
You die...

.......................
...........###########'
..........# #.....
....#....# #.....
###.#....### #....>
#..........# #.....
###........# #.....
##........# ####..
#.(@......# #...
#g####.##### ###.# #.#
... .# #.... #.# #.##.#
#.... #)#####....##
#.... ###.....#.....#
#.... #.......#.....#
#.... #.......#.....#
#.... #((...........#
#####


You could see a gnoll.

Vanquished Creatures
  A gnoll (D:1)
  A dart slug (D:1)
  2 giant cockroaches (D:1)
  3 goblins (D:1)
  2 bats (D:1)
  2 frilled lizards (D:1)
  3 kobolds (D:1)
  14 rats (D:1)
28 creatures vanquished.

Notes
Turn   | Place    | Note
-------+----------+-------------------------------------------
     0 | D:1      | MisterFreud the Felid Transmuter began the quest for the
                  | Orb.
     0 | D:1      | Reached XP level 1. HP: 9/9 MP: 4/4
   100 | D:1      | Reached XP level 2. HP: 8/13 MP: 4/6
   325 | D:1      | Learned a level 2 spell: Sticks to Snakes
   513 | D:1      | Reached XP level 3. HP: 16/17 MP: 7/7
   618 | D:1      | Hit by a stone thrown by a gnoll

Levels and vault maps discovered:
D:1:      erik_arrival_orb_chamber, layout_basic, minmay_tetromino_s4

Skill      XL: |  1  2 |
---------------+-------+-----
Fighting       | 2 3 |  3.1
Dodging        | |  2.6
Unarmed Combat | |  3.0
Spellcasting   | |  2.0
Transmutations | |  2.1

Action                   || total
-------------------------++-------
Melee: Unarmed           ||    80
       Headbutt          ||    10
       Bite              ||     5
 Cast: Beastly Appendage ||     9
       Sticks to Snakes  ||     1
 Stab: Sleeping          ||     2
  Eat: Chunk             ||     7
Armor: Skin              ||     3
Dodge: Dodged            ||    62

Table legend:
 A = Non-vault XP
 B = Vault XP
 C = Vault XP percentage of total XP
 D = Non-vault monster count
 E = Vault monster count
 F = Vault count percentage of total count
                 A         B        C        D         E       F
            +---------+---------+-------+---------+---------+-------
      Total |      35 |      15 |  30.0 |      14 |      14 |  50.0
            +---------+---------+-------+---------+---------+-------
        D:1 |      35 |      15 |  30.0 |      14 |      14 |  50.0
            +---------+---------+-------+---------+---------+-------
